 Dungeon Crawl Stone Soup version 0.14.1 (webtiles) character file.

228 Quh the Unweaver (level 4, -5/35 HPs)
             Began as a Demonspawn Abyssal Knight on Apr 30, 2014.
             Was a Follower of Lugonu.
             Slain by Edmund
             ... wielding a +1,+4 flail of holy wrath
              (9 damage)
             ... on Level 4 of the Dungeon.
             The game lasted 00:15:35 (2763 turns).

Quh the Unweaver (Demonspawn Abyssal Knight)        Turns: 2763, Time: 00:15:35

HP  -5/35        AC  5     Str 13      XL: 4   Next: 38%
MP   7/7         EV 10     Int 14      God: Lugonu [*.....]
Gold 134         SH  0     Dex 15      Spells:  0 memorised,  3 levels left

rFire  . . .     SeeInvis .     a - +1 spear
rCold  . . .     Clarity  .     b - +0 leather armour
rNeg   . . .     Conserve .     (no shield)
rPois  .         rCorr    .     (helmet restricted)
rElec  .         rRot     .     s - +0 cloak
SustAb . .       Spirit   .     (no gloves)
rMut   .         Warding  .     v - +0 pair of boots
Saprov . . .     Stasis   .     (no amulet)
MR     .....                    (no ring)
                                h - +3 ring of dexterity

@: heavily drained, not resistant to hostile enchantments, unstealthy
A: horns 2
a: Depart the Abyss, Renounce Religion


You were on level 4 of the Dungeon.
You worshipped Lugonu.
Lugonu was aware of your devotion.
You were hungry.

You visited 1 branch of the dungeon, and saw 4 of its levels.
You visited the Abyss 1 time.

You collected 134 gold pieces.

Inventory:

Hand weapons
 a - a +1,+1 spear (weapon)
 B - a +4,+2 hand axe
 C - a +0,+1 falchion of draining
Missiles
 e - 58 arrows
 o - 4 darts (quivered)
 q - 37 bolts
Armour
 b - a +0 leather armour (worn)
 s - a +0 cloak (worn)
 v - a +0 pair of boots (worn)
 w - a +2 chain mail
 y - a +2 scale mail
Comestibles
 c - 2 bread rations
 f - a choko
 D - 2 rotting chunks of orc flesh
 E - a rotting chunk of bat flesh
Scrolls
 d - 2 scrolls of remove curse
 g - 3 scrolls of teleportation
 i - 3 scrolls of fear {unknown}
 j - 2 scrolls of recharging {unknown}
 k - 2 scrolls of identify {unknown}
 l - a scroll of random uselessness {unknown}
 p - a scroll of blinking {unknown}
 r - a scroll of enchant weapon I {unknown}
 t - a scroll of magic mapping {unknown}
Jewellery
 h - a +3 ring of dexterity (left hand)
Potions
 n - a potion of curing {unknown}
 u - a potion of poison {unknown}
 z - a potion of heal wounds {unknown}
 A - a potion of restore abilities {unknown}
Books
 m - a book of Summonings

   Spells                             Type                      Level
   Abjuration                         Summoning                    3
   Recall                             Summoning/Translocation      3
   Summon Elemental                   Summoning                    4
   Shadow Creatures                   Summoning                    5
   Summon Demon                       Summoning                    5
   Monstrous Menagerie                Summoning                    6


   Skills:
 - Level 3.0(1.4) Fighting
 * Level 3.1(1.5) Polearms
 - Level 1.7(0.1) Armour
 - Level 0.8(0.0) Dodging
 * Level 4.7(3.0) Invocations


You had 3 spell levels left.
You didn't know any spells.

Dungeon Overview and Level Annotations

Branches:
Dungeon (4/15)
 Temple: D:4-7

Altars:
Makhleb

Annotations:
D:3 Sigmund
D:4 Edmund


Innate Abilities, Weirdness & Mutations

You have a pair of horns on your head.


Message History

Use which ability? (? or * to list)
Okay, then.
Edmund says, "Everyone always remembers my brother. 'Who's Edmund?' they ask!"
You are feeling hungry.
Found a scroll labeled PLOCIGOIMM.
An orc, an orc priest and an ogre come into view.
The orc priest shouts!
The orc shouts!
The ogre shouts!
Found two items.
Edmund hits you with a runed flail.
You convulse.
The orc priest's eyes start to glow.
A giant gecko comes into view.
The orc priest calls down the wrath of Beogh upon you.
Something smites you!
The orc priest mumbles some strange prayers to Beogh against you.
Something smites you!
* * * LOW HITPOINT WARNING * * *
Ugh!
There is something really disgusting in your inventory. (slot E) Edmund asks, "Have you met my wondrous brother?"
Edmund hits you with a flail of holy wrath!
You die...

#....# . #....#
.... #....# ....o
####.# ....o! #.#
...... ######.####
...... #.........#
...... #.........#
......###...O..@@.#
......o.o.........#
.###..###.........#
..... ####.#.####
?..... #.#.# ....O.
#.... ...... #.....
..... #.....# ....
......#


You could see Edmund, an ogre and an orc priest.

Vanquished Creatures
  4 adders
  An adder skeleton (D:3)
  2 giant geckos
  An ooze (D:1)
  6 orcs (D:3)
  6 bats
  5 goblins
  3 hobgoblins
  3 kobolds
  A quokka (D:2)
  A ball python (D:3)
  3 giant cockroaches
  3 giant newts
  9 rats
48 creatures vanquished.

Notes
Turn   | Place    | Note
--------------------------------------------------------------
     0 | Abyss:1  | Quh, the Demonspawn Abyssal Knight, began the quest for the Orb.
     0 | Abyss:1  | Reached XP level 1. HP: 18/18 MP: 1/1
    15 | Abyss:1  | Found a corrupted altar of Lugonu.
    62 | Abyss:1  | Found a corrupted altar of Lugonu.
    68 | Abyss:1  | Noticed an ancient zyme
    70 | D:1      | Escaped the Abyss
   606 | D:1      | Gained mutation: You have a pair of small horns on your head. [demonic ancestry]
   606 | D:1      | Reached XP level 2. HP: 20/24 MP: 3/3
   741 | D:1      | Acquired Lugonu's first power
  1044 | D:2      | Gained mutation: You have a pair of horns on your head. [demonic ancestry]
  1044 | D:2      | Reached XP level 3. HP: 21/29 MP: 5/5
  1206 | D:2      | Reached skill level 4 in Invocations
  1781 | D:3      | Noticed Sigmund
  2125 | D:3      | Reached XP level 4. HP: 30/35 MP: 7/7
  2651 | D:3      | Found a burning altar of Makhleb.
  2720 | D:4      | Noticed Edmund
  2753 | D:4      | Noticed an ogre
  2763 | D:4      | Slain by Edmund

Action                   |  1- 3 |  4- 6 || total
-------------------------+-------+-------++-------
Melee: Spear             |   109 |    61 ||   170
Invok: Depart the Abyss  |     1 |       ||     1
  Use: Scroll            |     2 |       ||     2
 Stab: Sleeping          |     1 |       ||     1
